 Dungeon Crawl Stone Soup version 0.31-a0-150-g89dc3ad700 (webtiles) character file.

Game seed: 18116893703024432695

403 lunkers the Basher (level 7, -1/17 (55) HPs)
             Began as a Meteoran Reaver on June 9, 2023.
             Slain by an orc
             ... wielding a +0 hand axe
              (5 damage)
             ... on level 4 of the Dungeon.
             The game lasted 00:05:02 (1325 turns).

lunkers the Basher (Meteoran Reaver)                Turns: 1325, Time: 00:05:03

HP:   -1/17 (55)    AC:  8    Str: 16    XL:     7   Next: 33%
MP:   12/12         EV: 11    Int: 14    God:
Gold: 99            SH:  0    Dex: 13    Spells: 10/11 levels left

rFire   . . .        a - +0 mace
rCold   . . .        (no shield)
rNeg    . . .        o - +0 ring mail
rPois   .            (no helmet)
rElec   .            n - +0 cloak
rCorr   .            f - +0 pair of gloves
SInv    .            k - +0 pair of boots
Will    .....        (no amulet)
Stlth   +            (no ring)
HPRegen 0.22/turn    (no ring)
MPRegen 0.13/turn

%: no passive effects
@: glowing, extremely drained
A: sense surroundings 1, otherworldly, glowing, explore regen
a: no special abilities


You were on level 4 of the Dungeon.
You visited 1 branch of the dungeon, and saw 4 of its levels.

You collected 99 gold pieces.

Inventory:

Hand Weapons
 a - a +0 mace (weapon)
 m - a +3 quarterstaff of chaos
Armour
 b - a +0 leather armour
 f - a +0 pair of gloves (worn)
 k - a +0 pair of boots (worn)
 n - a +0 cloak (worn)
 o - a +0 ring mail (worn)
Wands
 h - a wand of iceblast (12)
Scrolls
 e - a scroll of fog {unknown}
 g - 2 scrolls of fear {unknown}
 j - a scroll of teleportation {unknown}
 l - a scroll of noise {unknown}
Potions
 c - a potion of might {unknown}
 d - a potion of curing
 i - 2 potions of mutation


   Skills:
 - Level 2.1 Fighting
 + Level 9.8 Maces & Flails
 - Level 2.4 Dodging
 - Level 2.6 Spellcasting
 - Level 3.6 Conjurations


You had 10 spell levels left.
You knew the following spells:

 Your Spells              Type           Power      Damage    Failure   Level
p - Kiss of Death         Conj/Necr      24%        2d7       21%         1

Your spell library contained the following spells:

 Spells                   Type           Power      Damage    Failure   Level
 Momentum Strike          Conj/Tloc      12%        3d8       30%         2
 Hailstorm                Conj/Ice       6%         3d4       52%         3
 Confusing Touch          Hex            1%         N/A       77%         3
 Dispel Undead            Necr           1%         3d6       99%         4


Dungeon Overview and Level Annotations

Branches:
Dungeon (4/15) Zot: 1068
 Temple: D:4-7

Altars:
Fedhas


Innate Abilities, Weirdness & Mutations

You passively map a small area around you.
You are easily found by Zot.
You glow in the dark.
You regain HP and MP as you explore.


Message History

An orc comes into view. It is wielding a +0 short sword.
You closely miss the iguana.
The iguana is moderately wounded.
The iguana bites you. The orc hits you but does no damage.
The orc attacks as you move away! The orc barely misses you.
The iguana bites you. The orc misses you. The orc attacks as you move away!
The orc hits you but does no damage.
You sock the orc!
You kill the orc!
You closely miss the iguana.
The iguana is moderately wounded.
The iguana bites you!
* * * LOW HITPOINT WARNING * * *
Casting: Kiss of Death (safe; 21% risk of failure)
Confirm with . or Enter, or press ? or * to list all spells.
Aiming: Kiss of Death (safe; 21% risk of failure)
Press: ? - help, Shift-Dir - straight line, f - iguana
Aim: an iguana (moderately wounded, 100% to hit)
The negative energy hits the iguana!
The iguana is drained!
The iguana is almost dead.
You feel drained. The iguana closely misses you.
Unknown command.
You sock the iguana!
You kill the iguana!
Things that are here:
a +0 falchion; a +0 ring mail; an iguana corpse You hit the orc but do no damage.
You punch the orc, but do no damage. The orc hits you but does no damage.
You barely miss the orc. The orc closely misses you.
You sock the orc!
You kill the orc!
You sock the orc!
You kill the orc!
You closely miss the orc. The orc hits you but does no damage.
You closely miss the orc. The orc hits you with a +0 hand axe.
* * * LOW HITPOINT WARNING * * *
You hit the orc.
The orc is heavily wounded.
The orc hits you with a +0 hand axe.
You die...

#....####...#.# #.#
.....#......#.# #.#
.#.#)..#.<#.#.# #.#
#<##.......#.####.#
#####.###.##.##...#
...# *.##.##.# *
###.# ..##.##.#
#.#, ###.##.# #..,
* #.##@# , .#. *
#.##o# *
*#..###.#..#####
#.............#
#.###.##.####.# ,
,, ........ , ,
###.#.#.## #... .#
, * #>#. .# ,*


You could see an orc.

Vanquished Creatures
  Sigmund (D:3)
  A scorpion (D:3)
  Crazy Yiuf (D:3)
  2 iguanas
  3 gnolls (D:2)
  3 adders
  An ufetubus (D:4)
  A dart slug (D:1)
  3 orcs (D:4)
  5 endoplasms
  2 giant cockroaches
  5 goblins
  5 hobgoblins
  2 jackals (D:2)
  2 ball pythons
  5 bats
  A frilled lizard (D:1)
  5 kobolds
48 creatures vanquished.

Notes
Turn   | Place    | Note
-------+----------+-------------------------------------------
     0 | D:1      | lunkers the Meteoran Reaver began the quest for the Orb.
     0 | D:1      | Reached XP level 1. HP: 17/17 MP: 5/5
   252 | D:1      | Reached XP level 2. HP: 24/24 MP: 6/6
   330 | D:1      | Reached skill level 5 in Maces & Flails
   426 | D:2      | Reached XP level 3. HP: 23/29 MP: 8/8
   430 | D:2      | Found a blossoming altar of Fedhas.
   536 | D:2      | Reached XP level 4. HP: 8/33 MP: 7/9
   649 | D:2      | Reached skill level 6 in Maces & Flails
   814 | D:3      | Noticed a scorpion
   821 | D:3      | Killed a scorpion
   822 | D:3      | Reached skill level 7 in Maces & Flails
   822 | D:3      | Reached XP level 5. HP: 3/18 MP: 7/10
   831 | D:3      | Found a faded altar of an unknown god.
   932 | D:3      | Reached XP level 6. HP: 26/29 MP: 11/11
   966 | D:3      | Noticed Sigmund
   972 | D:3      | Killed Sigmund
   973 | D:3      | Reached skill level 9 in Maces & Flails
   973 | D:3      | Reached XP level 7. HP: 11/48 MP: 9/12
  1122 | D:3      | Found a runed translucent door.
  1123 | D:3      | Noticed Crazy Yiuf
  1136 | D:3      | Killed Crazy Yiuf
  1325 | D:4      | Slain by an orc

Illustrated notes

Levels and vault maps discovered:
D:1:      matt_arrival_refuge, layout_basic, corexii_hall_statues_s
D:2:      layout_basic, basic_altar
D:3:      layout_loops_ring, ebering_ecumenical_altar_petrified, uniq_sigmund,
          uniq_crazy_yiuf_cottage
D:4:      layout_basic, nicolae_letterblocks [nicolae_letter_subblock,
          nicolae_letter_subblock, nicolae_letter_subblock,
          nicolae_letter_subblock, nicolae_letter_subblock,
          nicolae_letter_subblock, nicolae_letter_subblock,
          nicolae_letter_subblock, nicolae_letter_subblock,
          nicolae_letter_subblock, nicolae_letter_subblock,
          nicolae_letter_subblock, nicolae_letter_subblock,
          nicolae_letter_subblock, nicolae_letter_subblock,
          nicolae_letter_subblock, nicolae_letter_subblock,
          nicolae_letter_subblock, nicolae_letter_subblock,
          nicolae_letter_subblock, nicolae_letter_subblock,
          nicolae_letter_subblock, nicolae_letter_subblock,
          nicolae_letter_subblock, nicolae_letter_subblock]

Skill      XL: |  1  2  3  4  5  6 |
---------------+-------------------+-----
Maces & Flails | 5 7 9 |  9.8
Fighting       | |  2.1
Dodging        | |  2.4
Spellcasting   | |  2.6
Conjurations   | |  3.6

Action                     |  1- 3 |  4- 6 |  7- 9 || total
---------------------------+-------+-------+-------++-------
  Melee: Mace              |    46 |    46 |    45 ||   137
         Punch             |     1 |       |     2 ||     3
   Cast: Kiss of Death     |     1 |     8 |     5 ||    14
    Use: Scroll            |       |     3 |       ||     3
 Armour: Leather armour    |    10 |    24 |    19 ||    53
         Ring mail         |       |       |     5 ||     5
  Dodge: Dodged            |    22 |    38 |    29 ||    89

Table legend: (Time is in decaauts)
 A = Elapsed time spent in this place.
 B = Non-inter-level travel time spent in this place.
 C = Inter-level travel time spent in this place.
 D = Time resting spent in this place.
 E = Time spent auto-exploring this place.
 F = Levels seen in this place.
 G = Mean time per level.
                   A        B        C        D        E       F      G
               +--------+--------+--------+--------+--------+-----+--------+
         Total |   1331 |   1211 |    120 |      0 |    739 |   4 |  332.8 |
       Dungeon |   1331 |   1211 |    120 |      0 |    739 |   4 |  332.8 |
               +--------+--------+--------+--------+--------+-----+--------+

Top non-repeatable levels by time:
     D:1: 449 daAuts
     D:3: 402 daAuts
     D:2: 328 daAuts
     D:4: 151 daAuts
